 Dungeon Crawl Stone Soup version 0.31.0-12-g77e489cdc1 (webtiles) character file.

Game seed: 10114541624918172436

2342 spaghetti the Fighter (level 9, -3/82 (91) HPs)
             Began as a Naga Chaos Knight on Mar 2, 2024.
             Was a Plaything of Xom.
             Splashed by a jelly's acid (6 damage)
             ... on level 7 of the Dungeon.
             The game lasted 00:09:36 (5979 turns).

spaghetti the Fighter (Naga Chaos Knight)           Turns: 5979, Time: 00:09:37

HP:   -3/82 (91)    AC:  0    Str: 18    XL:     9   Next: 43%
MP:   9/9           EV:  9    Int: 22    God:    Xom [*.....]
Gold: 448           SH:  4    Dex: 14    Spells: 3/8 levels left

rFire   . . .        i - +5 spear
rCold   + . .        (no shield)
rNeg    . . .        a - +2 leather armour
rPois   +            (helmet restricted)
rElec   .            f - +0 cloak
rCorr   .            (no gloves)
SInv    +            (no barding)
Will    ++...        s - amulet of regeneration
Stlth   +            g - +6 ring of dexterity
HPRegen 1.13/turn    (no ring)
MPRegen 0.11/turn

%: no passive effects
@: weakened, corroded, drained, very slow
A: AC +3, large, see invisible, deformed body, poison resistance, slowness 2,
spit poison 1, naga tail 1, horns 1, stinger 1, large bone plates 1, clever 2,
cold resistance 1, strong-willed 1, mutation resistance 1, strong 1, MP-powered
wands
a: Spit Poison, Renounce Religion


You were on level 7 of the Dungeon.
You worshipped Xom.
You were a special plaything of Xom.
You visited 1 branch of the dungeon, and saw 7 of its levels.

You collected 448 gold pieces.

Inventory:

Hand Weapons
 h - a +0 whip of venom
 i - a +5 spear (weapon)
Missiles
 j - 3 throwing nets
Armour
 a - a +2 leather armour (worn)
 f - a +0 cloak (worn)
Jewellery
 g - a +6 ring of dexterity (left hand)
 s - an amulet of regeneration (around neck)
Wands
 l - a wand of flame (15)
 p - a wand of light (5)
 t - a wand of polymorph (8)
Scrolls
 b - a scroll of butterflies
 e - 6 scrolls of teleportation
 m - 2 scrolls of silence
 n - 2 scrolls of revelation
 v - 2 scrolls of blinking
Potions
 c - 2 potions of cancellation
 d - a potion of might
 k - 2 potions of ambrosia
 o - 2 potions of mutation
 q - a potion of lignification {unknown}
 r - 4 potions of attraction


   Skills:
 + Level 9.2 Fighting
 - Level 1.5 Armour
 - Level 0.7 Dodging
 - Level 5.3 Unarmed Combat
 + Level 5.1 Conjurations
 + Level 5.1 Fire Magic


You had 3 spell levels left.
You knew the following spells:

 Your Spells              Type           Power      Damage    Failure   Level
a - Fireball              Conj/Fire      11%        3d7       54%         5

Your spell library contained the following spells:

 Spells                   Type           Power      Damage    Failure   Level
 Iskenderun's Battlesphe  Conj           22%        2d8       54%         5
 Brom's Barrelling Bould  Conj/Erth      11%        2d3       56%         4
 Conjure Ball Lightning   Conj/Air       5%         3x3d6     100%        6
 Orb of Destruction       Conj           11%        9d6       100%        7


Dungeon Overview and Level Annotations

Branches:
Dungeon (7/15)             Temple (0/1) D:5

Altars:
Dithmenos
Sif Muna
Trog

Annotations:
D:6 3 runed translucent doors, uncleiroh's ghost, novice DsFE


Innate Abilities, Weirdness & Mutations

Your serpentine skin is tough. (AC +3)
You have supernaturally acute eyesight. (SInv)
Armour fits poorly on your strangely shaped body.
Your system is resistant to poisons. (rPois)
You cover ground very slowly.
You can spit poison.
You have a snake-like lower body.
You have a pair of small horns on your head.
Your tail ends in a venomous barb.
You are partially covered in large bone plates. (SH +4)
Your mind is very acute. (Int +8, Str/Dex -2)
Your flesh is cold resistant. (rC+)
You are strong-willed. (Will+)
You are somewhat resistant to further mutation.
Your muscles are strong. (Str +4, Int/Dex -1)
You expend magic power (3 MP) to strengthen your wands.


Message History

The jelly closely misses you.
You barely miss the jelly.
The jelly is heavily wounded.
The jelly hits you. The acid corrodes you!
You are splashed with acid!
The jelly hits you.
You are splashed with acid!
You hit the jelly.
Your hands burn!
You headbutt the jelly, but do no damage.
The jelly is heavily wounded.
The jelly closely misses you.
Unknown command.
You hit the jelly but do no damage.
Your hands burn!
The jelly is heavily wounded.
Your attacks no longer feel as feeble.
The jelly hits you.
You are splashed with acid!
* * * LOW HITPOINT WARNING * * *
You puncture the jelly!
Your hands burn!
* * * LOW HITPOINT WARNING * * *
You headbutt the jelly, but do no damage.
The jelly is almost dead.
The jelly barely misses you.
Unknown command.
You hit the jelly but do no damage.
Your hands burn!
* * * LOW HITPOINT WARNING * * *
You headbutt the jelly, but do no damage.
You punch the jelly, but do no damage.
The jelly is almost dead.
The gnoll bouda gazes fiercely through you!
You feel your attacks grow feeble. The jelly hits you.
* * * LOW HITPOINT WARNING * * *
You are splashed with acid!
* * * LOW HITPOINT WARNING * * *
You barely miss the jelly.
The jelly is almost dead.
The howler monkey hoots and howls with incredible vigour!
The jelly hits you.
* * * LOW HITPOINT WARNING * * *
You are splashed with acid.
You die...
Xom howls with laughter!

#............#...
#............#...
#............#... ##.....
#..###..##..###..
.......###..###+###..###..
..g....#...............#..
.......#..###############.
.......#..# #. ....gg.#.@#
#. .......#J## #.
#...†gh.# #. #....g5.# ##
#..:....# #. #.......'. #.
#.......#≈. #.
#.......#≈... #. ###'#####
≈.. ##


You could see a gnoll bouda, a howler monkey, a jelly, a gnoll (swift) and a
white imp.

Vanquished Creatures
  Grinder (D:5)
  A steam dragon (D:6)
  A water moccasin (D:6)
  A sky beast (D:7)
  A black bear (D:7)
  An ice beast (D:6)
  An ogre (D:4)
  A centaur (D:7)
  A phantom (D:5)
  3 bullfrogs
  2 scorpions
  A howler monkey (D:7)
  A bombardier beetle (D:5)
  3 hounds
  An orc priest (D:5)
  2 sleepcaps
  5 jellies
  Ijyb (D:3)
  2 iguanas
  9 adders
  12 gnolls
  2 white imps (D:7)
  2 ufetubi (D:5)
  A ribbon worm (D:2)
  2 dart slugs
  13 orcs
  7 ball pythons
  8 endoplasms
  7 giant cockroaches
  7 goblins
  4 hobgoblins
  6 quokkas
  7 bats
  4 frilled lizards
  9 kobolds
  7 rats
137 creatures vanquished.

Vanquished Creatures (collateral kills)
  An ogre (D:5)
  3 wights (D:7)
  3 gnolls
  An adder (D:4)
  An orc (D:5)
9 creatures vanquished.

Grand Total: 146 creatures vanquished

Notes
Turn   | Place    | Note
-------+----------+-------------------------------------------
     0 | D:1      | spaghetti the Naga Chaos Knight began the quest for the
                  | Orb.
     0 | D:1      | Reached XP level 1. HP: 21/21 MP: 1/1
    46 | D:1      | XOM: potion effect (might)
    47 | D:1      | HP: 1/21 [kobold/+0 short sword (1)]
   148 | D:1      | Reached XP level 2. HP: 26/28 MP: 2/2
   356 | D:1      | XOM: divination: detect items
   723 | D:2      | Reached XP level 3. HP: 34/34 MP: 3/3
   728 | D:2      | XOM: cloud trail
   982 | D:2      | XOM: 2-stop teleportation journey
  1063 | D:2      | Reached XP level 4. HP: 21/42 MP: 4/4
  1096 | D:2      | XOM: noise
  1152 | D:2      | XOM: 1-stop teleportation journey
  1194 | D:2      | XOM: silly message
  1199 | D:2      | XOM: noise
  1200 | D:2      | XOM: confuse monster(s)
  1204 | D:2      | XOM: enchant monster (good)
  1207 | D:2      | Reached skill level 5 in Unarmed Combat
  1475 | D:2      | XOM: god gift: dagger {god gift}
  1776 | D:2      | XOM: god gift: 20 gold pieces
  2070 | D:3      | Reached XP level 5. HP: 49/49 MP: 5/5
  2103 | D:3      | XOM: give mutations
  2103 | D:3      | Gained mutation: You are partially covered in large bone
                  | plates. (SH +4) [Xom's grace]
  2103 | D:3      | Gained mutation: Your flesh is cold resistant. (rC+) [Xom's
                  | grace]
  2223 | D:3      | Noticed Ijyb
  2232 | D:3      | Killed Ijyb
  2469 | D:3      | XOM: god gift: 41 gold pieces
  2559 | D:3      | Reached skill level 4 in Fighting
  2797 | D:4      | XOM: noise
  2808 | D:4      | XOM: summons 5 friendly demons
  2902 | D:3      | Reached XP level 6. HP: 32/58 MP: 6/6
  3016 | D:4      | XOM: give mutations
  3016 | D:4      | Gained mutation: Your mind is acute. (Int +4, Str/Dex -1)
                  | [Xom's grace]
  3016 | D:4      | Gained mutation: You are strong-willed. (Will+) [Xom's
                  | grace]
  3023 | D:4      | You fall into a shaft and drop 1 floor!
  3023 | D:5      | Entered Level 5 of the Dungeon
  3091 | D:5      | Reached skill level 5 in Fighting
  3142 | D:6      | XOM: give mutations
  3142 | D:6      | Gained mutation: You have a pair of small horns on your
                  | head. [Xom's grace]
  3142 | D:6      | Gained mutation: You expend magic power (3 MP) to
                  | strengthen your wands. [Xom's grace]
  3142 | D:6      | Gained mutation: You are somewhat resistant to further
                  | mutation. [Xom's grace]
  3142 | D:6      | Gained mutation: Your mind is very acute. (Int +8, Str/Dex
                  | -2) [Xom's grace]
  3230 | D:5      | Reached skill level 6 in Fighting
  3351 | D:5      | HP: 1/62 [sleepcap (7)]
  3352 | D:5      | Reached XP level 7. HP: 1/70 MP: 7/7
  3358 | D:5      | XOM: enchant monster (good)
  3508 | D:3      | XOM: give mutations
  3508 | D:3      | Gained mutation: Your muscles are strong. (Str +4, Int/Dex
                  | -1) [Xom's grace]
  3508 | D:3      | Gained mutation: Your tail ends in a venomous barb. [Xom's
                  | grace]
  3687 | D:4      | XOM: divination: detect items
  3725 | D:4      | XOM: polymorph orc -> frilled lizard
  3733 | D:4      | Reached skill level 7 in Fighting
  3754 | D:4      | Found a shadowy altar of Dithmenos.
  4108 | D:4      | XOM: silly message
  4112 | D:4      | Learned a level 5 spell: Fireball
  4176 | D:5      | Found a bloodstained altar of Trog.
  4195 | D:5      | Reached skill level 1 in Conjurations
  4222 | D:5      | Reached skill level 1 in Fire Magic
  4289 | D:5      | Reached XP level 8. HP: 80/80 MP: 8/8
  4299 | D:5      | XOM: divination: detect creatures
  4397 | D:5      | Found a staircase to the Ecumenical Temple.
  4426 | D:5      | Noticed Grinder
  4431 | D:5      | Paralysed by Grinder for 5 turns
  4432 | D:5      | XOM: potion effect (berserk rage)
  4439 | D:5      | XOM: potion effect (curing)
  4441 | D:5      | Paralysed by Grinder for 3 turns
  4446 | D:5      | Killed Grinder
  4573 | D:5      | Found a shimmering blue altar of Sif Muna.
  4595 | D:5      | Reached skill level 8 in Fighting
  4756 | D:6      | XOM: polymorph orc wizard -> bat
  4793 | D:6      | Noticed a two-headed ogre
  4794 | D:6      | Noticed a kobold demonologist
  4796 | D:6      | Found a runed translucent gate.
  4797 | D:6      | Found a runed translucent gate.
  4801 | D:6      | Found a runed translucent gate.
  4801 | D:6      | Noticed uncleiroh's ghost (novice DsFE)
  5025 | D:6      | XOM: blink monster(s)
  5032 | D:6      | XOM: smoke on damage
  5041 | D:6      | Reached XP level 9. HP: 61/90 MP: 9/9
  5058 | D:6      | XOM: torment (42/90 hp)
  5246 | D:6      | XOM: summons 3 hostile shadow creatures
  5401 | D:7      | Reached skill level 9 in Fighting
  5536 | D:7      | XOM: confusion
  5561 | D:7      | Reached skill level 5 in Conjurations
  5561 | D:7      | Reached skill level 5 in Fire Magic
  5891 | D:7      | XOM: noise
  5960 | D:7      | XOM: polymorph howler monkey -> howler monkey
  5978 | D:7      | HP: 4/82 [acid (9)]
  5979 | D:7      | Splashed by a jelly's acid

Illustrated notes

Levels and vault maps discovered:
D:1:      shiori_arrival_elements, layout_rooms
D:2:      minmay_diamond_boxcup, layout_basic
D:3:      layout_basic, uniq_ijyb
D:4:      layout_gridville, nicolae_dithmenos_shadow_blocks
D:5:      layout_cave_pools, mainiacjoe_overflow_catwalk, old_standard_altar,
          minmay_temple_entry_sparse_star, uniq_grinder
D:6:      layout_rooms, gammafunk_ghost_split
D:7:      layout_gridville, serial_glass, glass_columns_a, glass_columns_c,
          serial_shops, nicolae_shop_window_shopping, grunt_ministairs_8,
          hex_medium, kennysheep_generic_room_2

Skill      XL: |  1  2  3  4  5  6  7  8  9 |
---------------+----------------------------+-----
Unarmed Combat | 4 5 |  5.3
Fighting       | 4 6 7 8 9 |  9.2
Conjurations   | 1 4 5 |  5.1
Fire Magic     | 1 4 5 |  5.1
Armour         | |  1.5
Dodging        | |  0.7

Action                     |  1- 3 |  4- 6 |  7- 9 || total
---------------------------+-------+-------+-------++-------
  Melee: Unarmed           |   101 |    10 |       ||   111
         Whip              |       |   135 |   222 ||   357
         Punch             |       |     9 |    10 ||    19
         Headbutt          |       |     8 |    64 ||    72
         Spear             |       |       |    30 ||    30
Ability: Spit Poison       |    24 |    34 |    32 ||    90
    Use: Scroll            |     4 |       |     7 ||    11
         Potion            |     1 |     1 |     3 ||     5
   Stab: Sleeping          |       |     1 |       ||     1
 Armour: Leather armour    |    73 |   135 |   254 ||   462
  Dodge: Dodged            |    40 |    90 |   127 ||   257
  Block: Other             |       |    25 |    52 ||    77
